Map: [TLMC15] Pride of Altaris

Players

Zest

  • Race: Protoss Protoss

Scarlett - Winner!

  • Race: Zerg Zerg

Event: DreamHack SC2 Masters 2021 Winter

VOD

Have the link to the VOD?

Description

Time

  • Played on: Nov. 13, 2021, 11:43 a.m.
  • Length: 11:19

All games in this series

Show
View Real Time Build Order
Export as new Build Order

Zest Protoss 

Build Orders: 1 Gate Expand, Oracle Opening 

Get SALT Encoding   

  12  0:00  Probe  
  13  0:12  Probe  
  14  0:19  Pylon  
  14  0:24  Probe  
  15  0:37  Probe (Chrono Boost)  
  15  0:40  Gateway  
  16  0:46  Probe (Chrono Boost)  
  16  0:49  Assimilator  
  17  0:51  Probe (Chrono Boost)  
  18  1:03  Probe  
  19  1:15  Probe  
  20  1:25  Nexus  
  20  1:36  Cybernetics Core  
  20  1:39  Probe  
  21  1:44  Assimilator  
  21  1:51  Probe  
  21  1:54  Pylon  
  22  2:03  Probe (Chrono Boost)  
  23  2:12  Adept  
  23  2:13  Probe (Chrono Boost)  
  26  2:17  Stargate  
  26  2:18  Probe (Chrono Boost)  
  27  2:25  Warp Gate  
  28  2:32  Probe (Chrono Boost)  
  28  2:37  Probe (Chrono Boost)  
  28  2:42  Adept  
  32  2:47  Probe x2 (Chrono Boost)  
  33  2:51  Void Ray (Chrono Boost), Probe (Chrono Boost)  
  33  2:54  Probe  
  35  3:03  Probe  
  40  3:06  Probe  
  40  3:08  Pylon  
  41  3:13  Gateway  
  41  3:16  Probe  
  41  3:18  Probe  
  43  3:24  Oracle (Chrono Boost)  
  46  3:28  Probe  
  46  3:30  Probe  
  48  3:40  Probe  
  49  3:42  Probe  
  49  3:46  Nexus  
  50  3:50  Pylon  
  50  3:54  Probe x2  
  52  3:57  Assimilator  
  52  3:59  Assimilator  
  52  4:05  Stargate  
  52  4:07  Probe  
  54  4:12  Adept  
  54  4:13  Adept  
  57  4:18  Probe  
  57  4:19  Probe  
  59  4:25  Pylon  
  59  4:43  Probe x2 (Chrono Boost)  
  61  4:55  Probe (Chrono Boost), Pylon  
  61  4:59  Fleet Beacon, Stargate  
  64  5:00  Probe (Chrono Boost)  
  64  5:02  Probe x2 (Chrono Boost)  
  64  5:03  Protoss Air Weapons Level 1  
  64  5:04  Probe (Chrono Boost)  
  64  5:06  Pylon  
  66  5:09  Probe  
  66  5:11  Probe  
  64  5:15  Probe  
  64  5:19  Pylon  
  65  5:21  Probe  
  65  5:23  Probe  
  65  5:27  Probe  
  68  5:31  Shield Battery  
  68  5:33  Adept, Probe, Shield Battery  
  68  5:34  Adept  
  68  5:35  Probe  
  74  5:39  Probe  
  73  5:43  Pylon, Tempest x2 (Chrono Boost)  
  73  5:48  Tempest (Chrono Boost)  
  88  5:54  Pylon  
  88  5:56  Probe x3  
  91  5:59  Assimilator  
  91  6:00  Assimilator  
  91  6:04  Forge  
  91  6:08  Probe x3  
  91  6:10  Pylon  
  94  6:17  Tempest (Chrono Boost)  
  94  6:19  Tempest (Chrono Boost)  
  94  6:21  Pylon  
  104  6:28  Probe  
  104  6:29  Probe  
  104  6:30  Probe  
  104  6:31  Shield Battery  
  107  6:43  Void Ray  
  107  6:46  Photon Cannon  
  107  6:47  Void Ray  
  115  6:56  Void Ray  
  115  7:04  Photon Cannon  
  115  7:06  Photon Cannon  
  115  7:07  Shield Battery  
  119  7:10  Pylon  
  119  7:17  Photon Cannon  
  119  7:18  Pylon  
  119  7:25  Photon Cannon, Void Ray x2  
  119  7:26  Shield Battery x2  
  119  7:29  Pylon  
  119  7:33  Void Ray  
  127  7:43  Stalker x2  
  129  8:03  Void Ray (Chrono Boost)  
  129  8:06  Void Ray (Chrono Boost), Unknown  
  129  8:10  Void Ray (Chrono Boost)  
  117  8:20  Photon Cannon  
  110  8:35  Zealot  
  110  8:36  Zealot  
  110  8:37  Void Ray (Chrono Boost)  
  110  8:40  Void Ray (Chrono Boost)  
  102  8:42  Void Ray (Chrono Boost)  
  108  8:53  Probe  
  102  9:07  Pylon  
  93  9:20  Pylon  
  93  9:22  Void Ray (Chrono Boost), Pylon  
  83  9:24  Void Ray (Chrono Boost)  
  83  9:28  Void Ray (Chrono Boost)  
  75  9:49  Probe  
  74  9:56  Void Ray (Chrono Boost)  
  74  9:59  Probe  
  75  10:01  Probe  
  75  10:02  Gateway  
  75  10:03  Gateway  
  75  10:06  Pylon  
  75  10:07  Void Ray  
  80  10:12  Probe  
  85  10:14  Nexus  
  85  10:18  Pylon  
  85  10:22  Void Ray  
  85  10:25  Gateway  
  89  10:34  Void Ray  
Show
View Real Time Build Order
Export as new Build Order

Scarlett Zerg - Winner!

Build Orders: Hatch First 

Get SALT Encoding   

  12  0:00  Drone  
  13  0:12  Overlord  
  13  0:17  Drone  
  14  0:30  Drone x2  
  14  0:35  Drone  
  17  0:51  Hatchery  
  17  0:54  Drone  
  17  0:57  Drone  
  18  1:09  Extractor  
  17  1:12  Spawning Pool  
  17  1:15  Drone  
  17  1:19  Drone  
  18  1:28  Drone  
  19  1:38  Drone  
  20  1:51  Overlord  
  20  1:59  Queen  
  22  2:04  Queen  
  22  2:05  Drone, Zergling x2  
  26  2:11  Metabolic Boost  
  26  2:14  Drone  
  27  2:17  Drone  
  28  2:26  Drone  
  28  2:28  Zergling x2  
  30  2:34  Drone  
  30  2:36  Drone  
  32  2:40  Queen  
  34  2:46  Hatchery  
  34  2:48  Overlord  
  33  2:57  Drone x3  
  36  3:05  Queen, Overlord  
  36  3:11  Drone  
  39  3:15  Drone x3  
  39  3:16  Queen  
  44  3:20  Overlord  
  44  3:24  Drone  
  44  3:26  Zergling x4  
  47  3:33  Zergling x2  
  47  3:34  Drone  
  49  3:36  Spore Crawler  
  48  3:41  Queen  
  48  3:46  Drone x2  
  52  3:52  Drone x3, Queen  
  57  3:58  Queen  
  57  4:01  Overlord  
  57  4:02  Drone x2  
  61  4:06  Extractor  
  60  4:10  Drone x3  
  60  4:12  Spore Crawler  
  60  4:15  Spore Crawler  
  59  4:20  Queen  
  59  4:24  Drone x9  
  59  4:29  Queen  
  68  4:33  Zergling x4, Extractor  
  68  4:36  Lair  
  69  4:41  Zergling x4, Extractor  
  69  4:44  Roach Warren  
  69  4:47  Drone  
  69  4:50  Zergling x2  
  69  4:51  Zergling x4  
  73  4:55  Overlord x2  
  73  5:01  Drone  
  74  5:10  Drone  
  74  5:13  Queen  
  75  5:16  Drone x2  
  75  5:17  Drone  
  75  5:18  Drone x6  
  75  5:20  Drone  
  85  5:21  Evolution Chamber  
  85  5:22  Drone x3  
  87  5:29  Drone  
  87  5:30  Drone  
  89  5:39  Queen  
  89  5:40  Overlord x2  
  89  5:42  Glial Reconstitution  
  89  5:44  Overlord  
  89  5:51  Zerg Missile Weapons Level 1  
  89  5:56  Overlord  
  89  5:58  Extractor  
  89  5:59  Queen, Extractor  
  89  6:03  Drone  
  89  6:04  Drone x8  
  98  6:10  Drone  
  99  6:16  Queen x2  
  99  6:18  Hatchery, Overlord  
  102  6:24  Overseer  
  102  6:30  Overlord x2  
  102  6:34  Queen  
  102  6:36  Overlord  
  102  6:37  Roach x7  
  118  6:49  Roach x8  
  118  6:52  Drone  
  135  6:57  Drone  
  135  6:58  Spire, Queen  
  137  7:01  Queen  
  137  7:03  Overlord  
  137  7:04  Overlord  
  139  7:10  Ravager  
  139  7:11  Ravager  
  139  7:14  Queen  
  143  7:16  Roach x5  
  143  7:17  Overlord  
  143  7:19  Overlord  
  153  7:23  Drone  
  153  7:25  Ravager x10  
  164  7:36  Extractor  
  163  7:39  Zergling x2  
  163  7:40  Zergling x22  
  163  7:50  Overlord x2  
  155  7:51  Queen  
  156  8:02  Overlord x2  
  154  8:12  Corruptor x6  
  147  8:17  Corruptor  
  158  8:27  Corruptor x2  
  158  8:31  Corruptor  
  133  8:49  Hatchery  
  119  8:56  Zerg Flyer Armor Level 1  
  119  8:57  Infestation Pit, Drone x4  
  119  9:01  Extractor  
  107  9:14  Corruptor x2  
  101  9:24  Corruptor  
  100  9:31  Drone  
  100  9:32  Drone x2  
  100  9:33  Drone x12  
  100  9:37  Queen x2  
  113  9:40  Hive  
  107  9:49  Zergling x6  
  106  9:58  Corruptor x3  
  110  10:01  Queen  
  112  10:09  Corruptor x2  
  112  10:12  Queen  
  116  10:17  Corruptor x2  
  120  10:28  Corruptor x2  
  121  10:31  Corruptor  
  125  10:36  Corruptor  
  125  10:42  Corruptor  
  124  10:46  Corruptor  
  127  10:50  Zergling x20  

Tags
 
Add a new tag
Caveats
  • Supply blocks, unpowered buildings, or Contaminate may cause inaccurate times.
  • Supply counts are checked every 10 seconds.